 Dungeon Crawl Stone Soup version 0.26.1-11-gd32895ea62 (webtiles) character file.

Game seed: 986395972311489482

295 Zeld the Sneak (level 6, -4/30 HPs)
             Began as a Spriggan Brigand on May 24, 2021.
             Slain by Crazy Yiuf
             ... wielding a +3 quarterstaff of chaos
              (8 damage)
             ... on level 3 of the Dungeon.
             The game lasted 00:04:42 (5915 turns).

Zeld the Sneak (Spriggan Brigand)                   Turns: 5915, Time: 00:04:42

Health: -4/30      AC:  3    Str:  9    XL:     6   Next: 11%
Magic:  7/7        EV: 17    Int: 12    God:
Gold:   189        SH:  0    Dex: 18    Spells: 5/5 levels left

rFire    . . .     SeeInvis +   a - +2 dagger
rCold    . . .     Faith    .   (shield restricted)
rNeg     . . .     Spirit   .   b - +0 robe
rPois    .         Reflect  .   (helmet restricted)
rElec    .         Harm     .   c - +0 cloak
rCorr    .         Rampage  .   (gloves unavailable)
Will     +....                  (boots unavailable)
Stlth    +++.......             (no amulet)
HPRegen  0.10/turn              (no ring)
MPRegen  0.10/turn              (no ring)

@: very quick
A: very small, unfitting armour, see invisible, speed 3
a: no special abilities


You were on level 3 of the Dungeon.
You visited 1 branch of the dungeon, and saw 3 of its levels.

You collected 189 gold pieces.

Inventory:

Hand Weapons
 a - a +2 dagger (weapon)
Missiles
 d - 32 poisoned darts (quivered)
 e - 2 curare-tipped darts
Armour
 b - a +0 robe (worn)
 c - a +0 cloak (worn)
Jewellery
 j - an uncursed amulet of guardian spirit {unknown}
 w - an uncursed ring of protection from fire {unknown}
 A - an uncursed ring of wizardry {unknown}
 D - an uncursed amulet of faith {unknown}
Wands
 q - a wand of disintegration (6)
 y - a wand of enslavement (6)
Scrolls
 f - 3 scrolls of identify {unknown}
 h - a scroll of magic mapping {unknown}
 i - a scroll of enchant weapon {unknown}
 k - a scroll of remove curse {unknown}
 l - a scroll of blinking {unknown}
 n - 3 scrolls of fear {unknown}
 o - a scroll of amnesia {unknown}
 s - a scroll of teleportation {unknown}
 u - 4 scrolls of fog {unknown}
 C - a scroll of immolation {unknown}
Potions
 g - 3 potions of curing {unknown}
 m - a potion of degeneration {unknown}
 p - 3 potions of lignification {unknown}
 r - a potion of resistance {unknown}
 t - a potion of attraction {unknown}
 v - a potion of flight {unknown}
 x - 2 potions of heal wounds {unknown}
 z - a potion of might {unknown}
 B - a potion of brilliance {unknown}


   Skills:
 - Level 1.5 Fighting
 * Level 5.2 Short Blades
 * Level 4.7 Throwing
 - Level 1.5 Dodging
 - Level 5.8 Stealth


You had 5 spell levels left.
You didn't know any spells.
Your spell library was empty.

Dungeon Overview and Level Annotations

Branches:
Dungeon (3/15)

Altars:

Annotations:
D:3 Crazy Yiuf


Innate Abilities, Weirdness & Mutations

You are very small and have problems with some larger weapons.
You are too small for most types of armour.
You have supernaturally acute eyesight. (SInv)
You cover ground extremely quickly.


Message History

You blink.
You hit Crazy Yiuf.
Crazy Yiuf is severely wounded.
Crazy Yiuf barely misses you.
You hit Crazy Yiuf but do no damage.
Crazy Yiuf is severely wounded.
Crazy Yiuf flaps his cloak.
Crazy Yiuf hits you with a +3 quarterstaff of chaos!
You are too injured to fight recklessly!
You are too injured to fight recklessly!
You are too injured to fight recklessly!
You are too injured to fight recklessly!
You closely miss Crazy Yiuf.
Crazy Yiuf is severely wounded.
You hit Crazy Yiuf but do no damage.
Crazy Yiuf is severely wounded.
Crazy Yiuf hits you with a +3 quarterstaff of chaos!
* * * LOW HITPOINT WARNING * * *
You are electrocuted!
You die...

.##
#.......###.#.#
..#
##.....†......#
8.##########
##>###.###.###
...........#
### #.###.#
.#.........#
#.#...#####
...........#
#####
#.........#
8..........#
#)..#
#.....#.#.#
..+#########
#...#
#.#.###.#.#
....# #.@.#
#.#.....#.#
....##### ##g##
#.#######.#
8.......####
#.##
#........(#
........#..#
##.#
#.#########
...........#
#.## ###
...........#
##.#
...........#
##.##
####.#.....#
##.P.#
#>#.#...#
#.P.P#


You could see Crazy Yiuf.

Vanquished Creatures
  Sigmund (D:3)
  A hound skeleton (D:2)
  5 adders
  2 oozes (D:1)
  A worm (D:3)
  A dart slug (D:1)
  4 leopard geckos
  4 giant cockroaches
  6 goblins
  7 hobgoblins
  A jackal (D:1)
  2 quokkas (D:3)
  4 ball pythons
  8 bats
  4 frilled lizards
  9 kobolds
  10 rats
70 creatures vanquished.

Notes
Turn   | Place    | Note
-------+----------+-------------------------------------------
     0 | D:1      | Zeld the Spriggan Brigand began the quest for the Orb.
     0 | D:1      | Reached XP level 1. HP: 10/10 MP: 2/2
   294 | D:1      | Reached XP level 2. HP: 14/14 MP: 3/3
  1028 | D:1      | Reached XP level 3. HP: 17/18 MP: 4/4
  3043 | D:2      | Reached XP level 4. HP: 22/22 MP: 5/5
  4154 | D:3      | Noticed Sigmund
  4785 | D:3      | Found a runed translucent door.
  4786 | D:3      | Noticed Crazy Yiuf
  4896 | D:3      | Killed Sigmund
  4897 | D:3      | Reached skill level 5 in Short Blades
  4897 | D:3      | Reached XP level 5. HP: 13/25 MP: 6/6
  4897 | D:3      | Reached XP level 6. HP: 16/30 MP: 7/7
  5915 | D:3      | Slain by Crazy Yiuf

Illustrated notes

Levels and vault maps discovered:
D:1:      wander_arrival_abandoned_jail, layout_basic
D:2:      layout_rooms
D:3:      layout_basic, minmay_misc_feat_four_crosses, uniq_crazy_yiuf_cottage,
          uniq_sigmund

Skill      XL: |  1  2  3  4 |
---------------+-------------+-----
Short Blades   | 3 5 |  5.2
Throwing       | 3 4 |  4.7
Fighting       | |  1.5
Dodging        | |  1.5
Stealth        | |  5.8

Action                   |  1- 3 |  4- 6 || total
-------------------------+-------+-------++-------
Melee: Dagger            |   163 |   128 ||   291
Throw: Dart              |       |    19 ||    19
 Stab: Sleeping          |    12 |    10 ||    22
       Distracted        |       |     1 ||     1
Armor: Robe              |    27 |     9 ||    36
Dodge: Dodged            |   153 |    75 ||   228
